 Dungeon Crawl Stone Soup version 0.19.3-1-g3169bf9 (webtiles) character file.

3210 OrDronus the Jinx (level 9, -2/57 HPs)
             Began as a Vampire Enchanter on Jan 23, 2017.
             Killed by divine providence
             ... invoked by an orc priest
              (15 damage)
             ... on level 8 of the Dungeon.
             The game lasted 00:35:56 (9301 turns).

OrDronus the Jinx (Vampire Enchanter)               Turns: 9301, Time: 00:35:56

Health: -2/57      AC:  4    Str:  7    XL:     9   Next: 65%
Magic:  2/16       EV: 16    Int: 18    God:
Gold:   271        SH:  0    Dex: 17    Spells: 3 memorised, 12 levels left

rFire  . . .     SeeInvis +     a - +1 dagger
rCold  . . .     Gourm    .     b - +1 robe
rNeg   + . .     Faith    .     (no shield)
rPois  .         Spirit   .     (no helmet)
rElec  .         Reflect  .     p - +0 cloak
rCorr  .         Harm     .     (no gloves)
MR     .....                    (no boots)
Stlth  ++++......               n - amulet of rage
                                (no ring)
                                (no ring)

@: no status effects
A: fangs 3, see invisible, unbreathing
a: Bat Form, Evoke Berserk Rage


You were on level 8 of the Dungeon.
You were not thirsty.

You visited 1 branch of the dungeon, and saw 8 of its levels.
You also visited: Bailey.

You collected 271 gold pieces.

Inventory:

Hand Weapons
 a - a +1 dagger (weapon)
 v - a +1 rapier of draining
Missiles
 f - 7 javelins (quivered)
 m - 5 poisoned needles
 x - 3 tomahawks
Armour
 b - a +1 robe (worn)
 p - a +0 cloak (worn)
 r - a +2 pair of boots
Jewellery
 n - an amulet of rage (around neck)
Wands
 y - a wand of slowing (29/48)
Scrolls
 e - 6 scrolls of identify {unknown}
 g - a scroll of magic mapping {unknown}
 h - a scroll of enchant weapon {unknown}
 j - 4 scrolls of teleportation {unknown}
 k - 4 scrolls of remove curse {unknown}
 o - a scroll of enchant armour {unknown}
 A - a scroll of noise {unknown}
 B - a scroll of immolation {unknown}
 C - a scroll of amnesia {unknown}
Potions
 d - 11 potions of blood
 i - 4 potions of curing {unknown}
 l - 3 potions of heal wounds {unknown}
 q - 2 potions of brilliance {unknown}
 t - a potion of lignification {unknown}
 u - a potion of resistance
 w - a potion of agility {unknown}
 z - a potion of magic {unknown}
Books
 c - a book of Maledictions

   Spells                             Type                      Level
   a - Corona                         Hexes                        1
   b - Ensorcelled Hibernation        Hexes/Ice                    2
   c - Confuse                        Hexes                        3
   d - Tukima's Dance                 Hexes                        3
   e - Dazzling Spray                 Conjuration/Hexes            3
 s - a book of the Dragon

   Spells                             Type                      Level
   a - Flame Tongue                   Conjuration/Fire             1
   b - Cause Fear                     Hexes                        4
   c - Bolt of Fire                   Conjuration/Fire             6
   d - Dragon Form                    Transmutation                7
   e - Dragon's Call                  Summoning                    9


   Skills:
 * Level 8.2 Short Blades
 + Level 5.7 Dodging
 + Level 8.4 Stealth
 + Level 5.2 Spellcasting
 * Level 11.4 Hexes


You had 12 spell levels left.
You knew the following spells:

 Your Spells              Type           Power        Failure   Level  Hunger
a - Corona                Hex            #####..      1%          1    None
b - Ensorcelled Hibernat  Hex/Ice        ####..       1%          2    #......
c - Confuse               Hex            #####...     1%          3    ##.....


Dungeon Overview and Level Annotations

Branches:
Dungeon (8/15)               Lair (0/6) D:8
 Temple: D:4-7

Altars:
Ru

Shops:
D:5 [   D:6 :

Annotations:
D:7 Dolanko's ghost, novice DsGl


Innate Abilities, Weirdness & Mutations

You have razor-sharp teeth.
You have supernaturally acute eyesight. (SInv)
You can survive without breathing.


Message History

You hit the orc priest but do no damage.
The orc priest is almost dead.
The orc hits you.
You hit the orc priest but do no damage.
The orc priest is almost dead.
The orc wizard is killed!
The orc priest seems less confused.
The orc priest calls down the wrath of Beogh upon you.
Beogh smites you!
You don't have enough magic at the moment.
The warg seems less confused.
The orc priest invokes the aid of Beogh against you.
Beogh smites you!
The orc priest invokes the aid of Beogh against you.
Beogh smites you!
* * * LOW HITPOINT WARNING * * *
Okay, then.
The orc priest invokes the aid of Beogh against you.
Beogh smites you!
You die...

.......>.........# ##....
.............)..# ###..
#...........#..# ##.
#....o....##..# #≈
###..o..####..## ####
....##.###......# ##..#
..... #o###......## ###...#
.....# #...........###.....#
.....# ####@...............#
#...#####.....###..........#
#...#........#####.........
#............# #....##...
#.......#....## #.........
##......###....####......##
#####......##
##....###.....##
..#.........##
#.....##...### .....<......#
##........##


You could see an orc priest.

Vanquished Creatures
  Grinder (D:4)
  Sigmund (D:6)
  A hungry ghost (D:8)
  A warg (D:8)
  An orc warrior (D:8)
  A phantom (D:6)
  An ogre (D:5)
  2 sky beasts
  A necrophage (D:5)
  3 centaurs
  4 bullfrogs
  Blork the orc (D:4)
  A scorpion (D:6)
  5 wights (D:6)
  A howler monkey (D:5)
  A centaur zombie (D:5)
  4 crimson imps
  8 hounds
  3 jellies (D:8)
  3 orc priests
  A bullfrog skeleton (D:8)
  2 orc wizards
  4 centaur skeletons
  7 worker ants
  An iguana (D:5)
  A hound zombie (D:5)
  A hound skeleton (D:5)
  A howler monkey skeleton (D:4)
  3 gnolls (Bailey)
  11 adders
  A shadow imp (D:5)
  6 oozes
  2 adder skeletons
  4 worms (D:2)
  4 leopard geckos
  10 orcs
  7 bats
  6 giant cockroaches
  14 goblins
  6 hobgoblins
  5 jackals
  4 quokkas
  4 frilled lizards
  9 kobolds
  9 rats
167 creatures vanquished.

Notes
Turn   | Place    | Note
-------+----------+-------------------------------------------
     0 | D:1      | OrDronus the Vampire Enchanter began the quest for the Orb.
     0 | D:1      | Reached XP level 1. HP: 13/13 MP: 3/3
     0 | D:1      | Noticed a large abomination
     0 | D:1      | Noticed a green draconian
     1 | D:1      | Noticed an ice dragon
     3 | D:1      | Noticed an ice dragon
     3 | D:1      | Noticed a shadow dragon
     5 | D:1      | Noticed an iron dragon
     7 | D:1      | Noticed a large abomination
     8 | D:1      | Noticed a large abomination
    12 | D:1      | Noticed an orb of fire
    12 | D:1      | Noticed a shadow dragon
    15 | D:1      | Noticed a golden dragon
    15 | D:1      | Noticed an orb of fire
    17 | D:1      | Noticed a tentacled monstrosity
    17 | D:1      | Noticed an iron dragon
    19 | D:1      | Noticed an ice dragon
   439 | D:1      | Reached XP level 2. HP: 16/19 MP: 1/5
  1532 | D:2      | Learned a level 2 spell: Ensorcelled Hibernation
  1560 | D:2      | Reached XP level 3. HP: 24/24 MP: 1/6
  1778 | D:2      | Found a sacrificial altar of Ru.
  1875 | D:2      | Reached skill level 5 in Hexes
  2333 | D:2      | Reached XP level 4. HP: 30/30 MP: 7/7
  3361 | D:2      | Learned a level 3 spell: Confuse
  4397 | D:3      | Reached XP level 5. HP: 34/35 MP: 6/8
  4458 | D:4      | Noticed Blork the orc
  4459 | D:4      | Reached skill level 6 in Hexes
  4478 | D:4      | Killed Blork the orc
  4478 | D:4      | Reached skill level 5 in Stealth
  4850 | D:4      | Reached XP level 6. HP: 33/41 MP: 7/10
  4925 | D:4      | Noticed Grinder
  5357 | D:5      | Entered Level 5 of the Dungeon
  5376 | D:5      | Reached skill level 7 in Hexes
  5391 | D:5      | Noticed a sky beast
  5606 | D:5      | Reached XP level 7. HP: 46/46 MP: 11/11
  5704 | D:5      | Reached skill level 5 in Short Blades
  5783 | D:5      | Found Besk's Armour Boutique.
  5977 | D:5      | Reached skill level 8 in Hexes
  6361 | D:6      | Noticed Sigmund
  6564 | D:6      | Reached XP level 8. HP: 46/52 MP: 5/13
  6789 | D:6      | Reached skill level 9 in Hexes
  7405 | D:6      | Found Saniegay's Book Shoppe.
  7783 | D:4      | Killed Grinder
  7783 | D:4      | Reached skill level 10 in Hexes
  7919 | D:6      | Killed Sigmund
  7919 | D:6      | Reached skill level 5 in Dodging
  7919 | D:6      | Reached XP level 9. HP: 56/57 MP: 12/15
  8142 | D:7      | Noticed Dolanko's ghost (novice DsGl)
  8405 | D:8      | Reached skill level 5 in Spellcasting
  8419 | D:8      | Reached skill level 11 in Hexes
  8638 | D:8      | Found a flagged portal.
  8697 | Bailey   | Entered a bailey
  9263 | D:8      | Found a staircase to the Lair.
  9301 | D:8      | Killed from afar by an orc priest

Skill      XL: |  1  2  3  4  5  6  7  8  9 |
---------------+----------------------------+-----
Short Blades   | 2 3 4 5 7 8 |  8.2
Hexes          | 5 6 7 8 10 11 | 11.4
Stealth        | 5 6 7 8 |  8.4
Spellcasting   | 3 4 5 |  5.2
Dodging        | 3 5 |  5.7

Action                   |  1- 3 |  4- 6 |  7- 9 || total
-------------------------+-------+-------+-------++-------
Melee: Dagger            |    97 |   235 |   180 ||   512
       Bite              |     7 |    23 |    23 ||    53
 Cast: Corona            |    30 |    41 |     7 ||    78
       Ensorcelled Hiber |     5 |    20 |    31 ||    56
       Confuse           |       |     9 |    43 ||    52
 Abil: End Transformatio |       |       |     1 ||     1
       Bat Form          |       |       |     1 ||     1
  Use: Potion            |     3 |     9 |    14 ||    26
 Stab: Sleeping          |    15 |    18 |    38 ||    71
       Confused          |       |     5 |    31 ||    36
Armor: Robe              |    27 |    41 |    11 ||    79
Dodge: Dodged            |    49 |   122 |    79 ||   250
